 Dungeon Crawl Stone Soup version 0.19-a0-1850-g63fd1ff (webtiles) character file.

13734 Naow the Severer (level 11, -3/84 HPs)
             Began as a Minotaur Berserker on Oct 10, 2016.
             Was a High Priest of Trog.
             Slain by a white ugly thing (45 damage)
             ... on level 12 of the Dungeon.
             The game lasted 00:23:18 (12692 turns).

Naow the Severer (Minotaur Berserker)              Turns: 12692, Time: 00:23:19

Health: -3/84      AC:  9    Str: 21    XL:     11   Next: 79%
Magic:  10/10      EV: 11    Int:  7    God:    Trog [*****.]
Gold:   286        SH:  0    Dex: 11    Spells: 0 memorised, 10 levels left

rFire  + . .     SeeInvis .     W - +1 battleaxe (chop)
rCold  x x .     Gourm    .     V - +0 ring mail of the Garden {rElec rC- rCorr} (curse)
rNeg   . . .     Faith    .     (shield currently unavailable)
rPois  .         Spirit   .     Z - +1 hat
rElec  +         Dismiss  .     F - +0 cloak
rCorr  +         Reflect  .     L - +0 pair of gloves (curse)
MR     .....     Harm     .     G - +0 pair of boots
Stlth  +.........               (no amulet)
                                P - ring of flight
                                T - ring of fire

@: drained
A: retaliatory headbutt, horns 2
a: Berserk, Trog's Hand, Brothers in Arms, Burn Spellbooks, Renounce Religion,
Evoke Flight


You were on level 12 of the Dungeon.
You worshipped Trog.
Trog was extremely pleased with you.
You were hungry.

You visited 1 branch of the dungeon, and saw 12 of its levels.
You also visited: Sewer and Ossuary.

You collected 767 gold pieces.
You spent 481 gold pieces at shops.

Inventory:

Hand Weapons
 v - a +1 hand axe of venom
 W - a +1 battleaxe of chopping (weapon)
Armour
 b - a +0 plate armour
 i - a +0 shield
 l - +0 steam dragon scales
 F - a +0 cloak (worn)
 G - a +0 pair of boots (worn)
 L - a cursed +0 pair of gloves (worn)
 V - the cursed +0 ring mail of the Garden (worn) {rElec rC- rCorr}
   (You bought it in a shop on level 10 of the Dungeon)

   It makes you vulnerable to cold.
   It insulates you from electricity.
   It protects you from acid and corrosion.
   It has a curse placed upon it.
 Y - +0 mottled dragon scales
 Z - a +1 hat (worn)
Jewellery
 a - an uncursed ring of see invisible {unknown}
 d - an uncursed ring of ice
 K - a +5 ring of intelligence
 P - a ring of flight (right hand)
 T - a ring of fire (left hand)
Wands
 y - a wand of teleportation (0/9)
 J - a wand of iceblast (5/15)
Scrolls
 e - 4 scrolls of random uselessness {unknown}
 h - 13 scrolls of identify {unknown}
 n - a scroll of immolation {unknown}
 o - 8 scrolls of remove curse {unknown}
 s - 3 scrolls of magic mapping {unknown}
 u - 5 scrolls of teleportation {unknown}
 w - 4 scrolls of blinking {unknown}
 x - 2 scrolls of enchant armour {unknown}
 D - a scroll of recharging {unknown}
 N - a scroll of enchant weapon {unknown}
 X - a scroll of fear {unknown}
Potions
 g - 3 potions of agility {unknown}
 j - 2 potions of invisibility {unknown}
 k - a potion of mutation {unknown}
 m - 4 potions of might {unknown}
 p - 5 potions of lignification {unknown}
 q - 4 potions of curing {unknown}
 r - 2 potions of resistance {unknown}
 t - 3 potions of cure mutation {unknown}
 z - 4 potions of degeneration {unknown}
 A - 5 potions of haste {unknown}
 B - 3 potions of magic {unknown}
 Q - 3 potions of cancellation {unknown}
 R - a potion of flight {unknown}
 S - a potion of heal wounds {unknown}
 U - a potion of beneficial mutation {unknown}
Books
 I - a book of Cantrips

   Spells                             Type                      Level
   a - Confusing Touch                Hexes                        1
   b - Animate Skeleton               Necromancy                   1
   c - Summon Small Mammal            Summoning                    1
   d - Apportation                    Translocation                1
   Trog disapproves of the use of such an item.
 M - a book of Cantrips

   Spells                             Type                      Level
   a - Confusing Touch                Hexes                        1
   b - Animate Skeleton               Necromancy                   1
   c - Summon Small Mammal            Summoning                    1
   d - Apportation                    Translocation                1
   Trog disapproves of the use of such an item.
 O - a book of Changes

   Spells                             Type                      Level
   a - Beastly Appendage              Transmutation                1
   b - Sticks to Snakes               Transmutation                2
   c - Spider Form                    Transmutation/Poison         3
   d - Ice Form                       Ice/Transmutation            4
   e - Blade Hands                    Transmutation                5
   Trog disapproves of the use of such an item.
Comestibles
 c - 11 bread rations
 f - 5 fruits
 E - 4 slices of pizza
 H - 6 meat rations


   Skills:
 - Level 4.0(3.8) Fighting
 + Level 20.6(20.3) Axes
 - Level 2.5(2.3) Armour
 - Level 2.1(2.0) Dodging


You had 10 spell levels left.
You didn't know any spells.

Dungeon Overview and Level Annotations

Branches:
Dungeon (12/15)            Temple (0/1) D:7            Lair (0/6) D:8
    Orc (0/2) D:11

Altars:
Dithmenos
Fedhas
Gozag
Nemelex Xobeh
Okawaru
Ru
Sif Muna
Trog
Uskayaw
Vehumet
Xom
The Shining One
Beogh

Shops:
D:10 *


Innate Abilities, Weirdness & Mutations

You reflexively headbutt those who attack you in melee.
You have a pair of horns on your head.


Message History

a morningstar of freezing; a robe You are feeling hungry.
You now have 286 gold pieces (gained 18).
No target in view!
A white ugly thing comes into view.
Found 26 gold pieces.
You closely miss the white ugly thing. You slice the white ugly thing!!
The white ugly thing is moderately wounded.
The white ugly thing kicks you. The white ugly thing freezes you!!
You feel a terrible chill!
You slice the white ugly thing!!
The white ugly thing is severely wounded.
The white ugly thing kicks you but does no damage.
You hit the white ugly thing.
The white ugly thing is severely wounded.
The white ugly thing kicks you! The white ugly thing freezes you!!!
You feel a terrible chill!
Ouch! That really hurt!
You die...

##.#.#
#..#.# #
#.##.#
#.##.##.#
#.......# #
####.####
#. #.#
#.#.###.#
#..u@..#
....$.#####
####. #


You could see a white ugly thing.

Vanquished Creatures
  The ghost of Naow the Tortoise, a novice MiBe of Trog (D:10)
  2 hill giants
  An orc knight (D:11)
  The ghost of Naow the Cleaver, a novice MiBe of Trog (D:8)
  2 cyclopes
  A gargoyle (D:11)
  Psyche (D:8)
  A kobold demonologist (D:10)
  A komodo dragon (D:10)
  A troll (D:11)
  A hornet (D:10)
  A hippogriff (D:11)
  Prince Ribbit (D:8)
  A wraith (D:11)
  A spriggan (D:9)
  A hungry ghost (D:9)
  A steam dragon (D:11)
  10 yaks
  A mottled dragon (D:11)
  A black bear (D:9)
  4 orc warriors
  4 sky beasts
  An ice beast (D:6)
  7 ogres
  3 phantoms
  6 centaurs
  A crocodile (D:11)
  14 big kobolds
  An elf zombie (Ossuary)
  9 bullfrogs
  A gnoll sergeant (D:6)
  4 scorpions
  5 wights (D:12)
  An electric eel (D:9)
  3 crimson imps
  4 centaur zombies
  2 quasits
  A bullfrog skeleton (D:8)
  3 jellies
  A hound (D:4)
  A human zombie (Ossuary)
  2 centaur skeletons
  16 orc priests
  2 iguanas
  14 orc wizards
  8 worker ants
  A big kobold zombie (Ossuary)
  2 mummies (Ossuary)
  A hound zombie (D:4)
  2 hound skeletons
  A worker ant zombie (D:6)
  5 adders
  5 gnolls (D:6)
  A howler monkey skeleton (D:5)
  2 river rats (D:4)
  2 shadow imps
  2 oozes
  An adder zombie (Ossuary)
  3 adder skeletons
  5 worms
  3 dart slugs
  9 leopard geckos
  54 orcs
  4 ball pythons
  8 giant cockroaches
  11 hobgoblins
  4 jackals (D:11)
  5 quokkas
  9 bats
  8 frilled lizards
  5 goblins
  2 goblin zombies (Ossuary)
  10 hobgoblin zombies (Ossuary)
  A jackal zombie (Ossuary)
  25 kobolds
  7 kobold zombies (Ossuary)
  A leopard gecko skeleton (D:7)
  A leopard gecko zombie (D:6)
  9 orc zombies (Ossuary)
  6 rats
  3 rat zombies (Ossuary)
367 creatures vanquished.

Vanquished Creatures (others)
  4 kobolds (D:8)
4 creatures vanquished.

Grand Total: 371 creatures vanquished

Notes
Turn   | Place    | Note
-------+----------+-------------------------------------------
     0 | D:1      | Naow the Minotaur Berserker began the quest for the Orb.
     0 | D:1      | Reached XP level 1. HP: 19/19 MP: 0/0
   391 | D:1      | Reached XP level 2. HP: 23/27 MP: 1/1
   408 | D:1      | Reached skill level 4 in Axes
   478 | D:1      | Found a glowing golden altar of the Shining One.
   997 | D:1      | Reached ** piety under Trog
   997 | D:1      | Reached XP level 3. HP: 26/33 MP: 2/2
  1255 | D:2      | Reached skill level 5 in Axes
  1684 | D:3      | Reached XP level 4. HP: 34/40 MP: 3/3
  1917 | D:3      | Reached skill level 6 in Axes
  2206 | D:4      | Found a bloodstained altar of Trog.
  2311 | D:4      | Reached XP level 5. HP: 21/46 MP: 4/4
  2312 | D:4      | Reached *** piety under Trog
  2318 | D:4      | Reached skill level 7 in Axes
  2360 | D:4      | Reached XP level 6. HP: 14/52 MP: 5/5
  2447 | D:4      | Reached skill level 8 in Axes
  2627 | D:4      | Reached skill level 9 in Axes
  2737 | D:4      | Found a glowing drain.
  2744 | Sewer    | Entered a sewer
  2937 | Sewer    | Reached XP level 7. HP: 51/59 MP: 6/6
  3656 | D:5      | Entered Level 5 of the Dungeon
  3662 | D:5      | Reached skill level 10 in Axes
  3718 | D:5      | Found a sand-covered staircase.
  3746 | Ossuary  | Entered an ossuary
  3772 | Ossuary  | Reached **** piety under Trog
  3896 | Ossuary  | Reached skill level 11 in Axes
  4320 | D:5      | Found a sparkling altar of Nemelex Xobeh.
  4327 | D:5      | Reached XP level 8. HP: 59/66 MP: 7/7
  4810 | D:6      | Reached ***** piety under Trog
  4810 | D:6      | Reached skill level 12 in Axes
  4823 | D:6      | Received a gift from Trog
  4900 | D:6      | Found a hide-covered altar of Uskayaw.
  5014 | D:6      | Reached skill level 13 in Axes
  5354 | D:6      | Found an iron altar of Okawaru.
  5489 | D:6      | Reached XP level 9. HP: 45/71 MP: 8/8
  6019 | D:6      | Found an opulent altar of Gozag.
  6019 | D:6      | Found a shadowy altar of Dithmenos.
  6096 | D:6      | Reached skill level 14 in Axes
  6550 | D:7      | Found a staircase to the Ecumenical Temple.
  6569 | D:7      | Found a blossoming altar of Fedhas.
  6854 | D:8      | Reached skill level 15 in Axes
  6857 | D:8      | Noticed Prince Ribbit
  6867 | D:8      | Killed Prince Ribbit
  7046 | D:8      | Found a radiant altar of Vehumet.
  7050 | D:8      | Noticed Naow's ghost (novice MiBe)
  7074 | D:8      | Killed Naow's ghost
  7180 | D:8      | Found a staircase to the Lair.
  7312 | D:8      | Noticed Psyche
  7322 | D:8      | Killed Psyche
  7322 | D:8      | Reached skill level 16 in Axes
  7434 | D:8      | Reached XP level 10. HP: 57/78 MP: 9/9
  8400 | D:9      | Found a deep blue altar of Sif Muna.
  8609 | D:9      | Found a bloodstained altar of Trog.
  8609 | D:9      | Found a shimmering altar of Xom.
  8736 | D:9      | Reached skill level 17 in Axes
  8864 | D:9      | Received a gift from Trog
  9013 | D:10     | Entered Level 10 of the Dungeon
  9041 | D:10     | Found Ismugg's Assorted Antiques.
  9191 | D:10     | Bought a shimmering ring mail for 234 gold pieces
  9191 | D:10     | Bought a transparent shield for 247 gold pieces
  9201 | D:10     | Identified the cursed +0 ring mail of the Garden {rElec rC- rCorr} (You bought it in a shop on level 10 of the Dungeon)
  9211 | D:10     | Identified the +0 shield of Eternal Night {-Cast rPois Str+4 Slay-6} (You bought it in a shop on level 10 of the Dungeon)
  9223 | D:10     | Noticed Naow's ghost (novice MiBe)
  9247 | D:10     | Killed Naow's ghost
  9304 | D:10     | Paralysed by a hornet for 2 turns
  9307 | D:10     | Received a gift from Trog
  9313 | D:10     | Noticed a cyclops
  9319 | D:10     | Killed a cyclops
  9319 | D:10     | Reached skill level 18 in Axes
  9624 | D:10     | Found a sacrificial altar of Ru.
  9950 | D:10     | Noticed a rust devil
  9954 | D:10     | Reached XP level 11. HP: 84/84 MP: 10/10
  9986 | D:10     | HP: 3/84 [yak (14)]
 10239 | D:9      | Reached skill level 19 in Axes
 10634 | D:10     | Noticed a hill giant
 10640 | D:10     | Killed a hill giant
 10821 | D:11     | Noticed a hill giant
 10832 | D:11     | Killed a hill giant
 11297 | D:11     | Reached skill level 20 in Axes
 11683 | D:11     | Received a gift from Trog
 11727 | D:11     | Noticed an orc knight
 11740 | D:11     | Killed an orc knight
 11845 | D:11     | Found a staircase to the Orcish Mines.
 12363 | D:11     | Found a roughly hewn altar of Beogh.
 12686 | D:12     | Noticed a white ugly thing
 12692 | D:12     | Slain by a white ugly thing

Vault maps used:
D:1:      erik_arrival_triangle_small, tso_metal_star
D:2:      minmay_tromino_v4_c
D:3:      lemuel_another_geyser
D:4:      portal_sewer_entry_e, trog_hazing_becter
D:5:      first_bread, nicolae_ossuary_entry_ruins, nemelex_dance_club_becter
D:6:      overflow_temple_1_default, gammafunk_temple_overflow_wave,
          basic_altar, grunt_ministairs_6
D:7:      lemuel_statue_altar
D:8:      fiery_altar_vehumet, uniq_prince_ribbit1, uniq_psyche
D:9:      lemuel_doored_altar, gammafunk_temple_overflow_elements, the_bakery,
          minivault_4
D:10:     serial_shops, shop, nicolae_ru_path_of_blood
D:11:     minmay_orc_entry_temple_small
D:12:     uniq_nessos
Sewer:    sewer_frog_island_01
Ossuary:  ossuary_tomb_1

Skill      XL: |  1  2  3  4  5  6  7  8  9 10 11 |
---------------+----------------------------------+-----
Fighting       | 4 |  4.0
Axes           | 4 5 6 7 9 11 13 16 18 20 | 20.6
Armour         | |  2.5
Dodging        | |  2.1

Action                   |  1- 3 |  4- 6 |  7- 9 | 10-12 || total
-------------------------+-------+-------+-------+-------++-------
Melee: Hand axe          |    89 |   120 |   384 |   246 ||   839
       Headbutt          |    16 |    18 |    65 |    75 ||   174
       Battleaxe         |       |       |       |   214 ||   214
Invok: Berserk           |       |     3 |     9 |    13 ||    25
       Trog's Hand       |       |       |       |     1 ||     1
Evoke: Wand              |       |       |       |     1 ||     1
  Eat: Chunk             |     2 |     7 |    19 |    18 ||    46
       Fruit             |       |     1 |       |     2 ||     3
       Royal jelly       |       |       |     1 |     1 ||     2
       Meat ration       |       |       |       |     2 ||     2
       Beef jerky        |       |       |       |     1 ||     1
Armor: Animal skin       |    24 |    27 |    10 |       ||    61
       Ring mail         |       |       |    63 |   106 ||   169
Dodge: Dodged            |    42 |    89 |    79 |   142 ||   352
Block: Shield            |       |       |    72 |    57 ||   129
